 Dungeon Crawl Stone Soup version 0.21.1-72-gffa868e (webtiles) character file.

58827 theRoog the Severer (level 14, -3/130 HPs)
             Began as a Minotaur Berserker on Aug 3, 2018.
             Was the Champion of Trog.
             Slain by a death yak (6 damage)
             ... on level 4 of the Lair of Beasts.
             The game lasted 00:34:53 (18988 turns).

theRoog the Severer (Minotaur Berserker)           Turns: 18988, Time: 00:34:54

Health: -3/130     AC: 31    Str: 27    XL:     14   Next: 50%
Magic:  13/13      EV: 10    Int:  4    God:    Trog [******]
Gold:   1395       SH:  2    Dex: 10    Spells: 13/13 levels left

rFire    . . .     SeeInvis .   N - +7 flail of Ziwk {holy, rN+}
rCold    + . .     Gourm    .   (no shield)
rNeg     + . .     Faith    .   K - +3 plate armour
rPois    .         Spirit   .   (helmet unavailable)
rElec    .         Reflect  +   m - +2 cloak
rCorr    .         Harm     .   o - +0 pair of gloves (curse)
MR       ++...                  k - +1 pair of boots
Stlth    ..........             s - +2 amulet of reflection
HPRegen  0.31/turn              g - +3 ring of protection
MPRegen  0.13/turn              L - ring of protection from magic

@: no status effects
A: retaliatory headbutt, horns 3, thin metallic scales 1, cold resistance 1
a: Berserk, Trog's Hand, Brothers in Arms, Burn Spellbooks, Renounce Religion


You were on level 4 of the Lair of Beasts.
You worshipped Trog.
Trog was exalted by your worship.
You were not hungry.

You visited 2 branches of the dungeon, and saw 18 of its levels.
You also visited: Sewer and Bailey.

You collected 1395 gold pieces.

Inventory:

Hand Weapons
 a - the +2 mace of Conscience {freeze, +Inv}
   (You found it in a bailey)

   It has been specially enchanted to freeze those struck by it, causing extra
   injury to most foes and up to half again as much damage against particularly
   susceptible opponents.
   It can also slow down cold-blooded creatures.
   It lets you turn invisible.
 e - a +1 executioner's axe of flaming
 w - a +1 war axe
 x - a +4 flail of draining
 J - a +0 battleaxe
 N - the +7 flail of Ziwk (weapon) {holy, rN+}
   (You found it on level 15 of the Dungeon)

   It has been blessed by the Shining One to cause great damage to the undead
   and demons.
   It protects you from negative energy.
 P - a +2 antimagic broad axe
 T - a +3 battleaxe of freezing
Armour
 f - a +0 buckler
 k - a +1 pair of boots (worn)
 m - a +2 cloak (worn)
 o - a cursed +0 pair of gloves (worn)
 K - a +3 plate armour (worn)
Jewellery
 g - a +3 ring of protection (left hand)
 r - a +2 ring of dexterity
 s - a +2 amulet of reflection (around neck)
 L - a ring of protection from magic (right hand)
 O - an uncursed ring of fire
 S - an uncursed ring of protection from fire {unknown}
 U - an uncursed ring of ice
 V - an uncursed ring of ice
Wands
 b - a wand of random effects (76)
 B - a wand of polymorph (14)
 F - a wand of clouds (5)
 G - a wand of acid (37)
 H - a wand of iceblast (13)
Scrolls
 c - 3 scrolls of fog
 l - 5 scrolls of teleportation
 p - 2 scrolls of noise
 A - 2 scrolls of identify
 C - 3 scrolls of fear
 D - a scroll of blinking
 E - 9 scrolls of remove curse
 Q - a scroll of enchant armour
Potions
 d - a potion of ambrosia
 h - 11 potions of curing
 i - 6 potions of might
 j - a potion of agility
 q - 4 potions of flight
 t - a potion of magic
 u - a potion of resistance
 v - a potion of invisibility
 z - a potion of heal wounds
 I - a potion of cancellation
 M - 2 potions of haste
 R - a potion of brilliance
Miscellaneous
 y - a phial of floods
Comestibles
 n - 16 rations


   Skills:
 + Level 13.8 Fighting
 + Level 19.3(19.9) Axes
 + Level 9.3(15.4) Maces & Flails
 + Level 12.9 Armour
 + Level 7.0 Dodging
 + Level 3.7 Stealth
 + Level 2.1 Shields


You had 13 spell levels left.
You didn't know any spells.

Dungeon Overview and Level Annotations

Branches:
Dungeon (15/15)            Temple (0/1) D:6            Lair (2/6) D:10
    Orc (0/2) D:11         Vaults (0/5) D:13         Depths (0/5) D:15
  Swamp: Lair:2-4    Shoals: Lair:2-4     Snake: Lair:2-4    Spider: Lair:2-4

Altars:
Ashenzari
Cheibriados
Dithmenos
Fedhas
Kikubaaqudgha
Nemelex Xobeh
Ru
Sif Muna
Trog
Uskayaw
Wu Jian
Yredelemnul
The Shining One

Shops:
D:7 !   D:8 !

Portals:
Trove: D:14 (give horn of Geryon)


Innate Abilities, Weirdness & Mutations

You reflexively headbutt those who attack you in melee.
You have a pair of large horns on your head.
You are partially covered in thin metallic scales. (AC +2)
Your flesh is cold resistant. (rC+)


Message History

The death yak gores you but does no damage.
You sock the death yak!
You kill the death yak!
Trog accepts your kill.
The death yak gores you but does no damage.
The death yak gores you!
* * * LOW HITPOINT WARNING * * *
You hit the komodo dragon.
The komodo dragon is lightly wounded.
The death yak barely misses you. The komodo dragon bites you!
* * * LOW HITPOINT WARNING * * *
You hit the komodo dragon.
The komodo dragon is moderately wounded.
The death yak barely misses you. The death yak gores you!
* * * LOW HITPOINT WARNING * * *
The death yak completely misses you.
You sock the komodo dragon! Your headbutt misses the komodo dragon.
The komodo dragon is severely wounded.
The komodo dragon barely misses you. The death yak gores you.
You die...

#...# ...# .... . # ...# #..
. #. #..# #.... #.. #Y.##
#... #..####YY.# . ###..##
.#...#.#@l.# ..###....##
.........Y###...#..#....#
#........................
....#....#..................
...###.###...#.##.....#...##
#..# # ##..####..# #...#.
..# #..## #...# #..#####..##
..# ##≈≈≈ ##..####...
#P..... ..# #≈≈≈
#...#.##..####.....


You could see 4 death yaks and a komodo dragon.

Vanquished Creatures
  Agnes (D:15)
  An emperor scorpion (D:15)
  Fannar (Lair:1)
  3 vault guards (D:13)
  3 hydras
  The ghost of FallenXxXSky the Severer, a journeyman HOFi of Beogh (Lair:2)
  2 centaur warriors
  An ogre mage (D:15)
  12 two-headed ogres
  2 death yaks (Lair:4)
  An unseen horror (D:11)
  An orc knight (Bailey)
  7 ugly things
  2 necromancers (D:13)
  5 manticores
  A salamander (D:15)
  A deep elf mage (D:14)
  A cyclops (D:14)
  A black mamba (Lair:2)
  Joseph (D:7)
  A torpor snail (Lair:4)
  The ghost of Anachronus the Bolt Thrower, a novice MiHu of Okawaru (D:5)
  3 spiny frogs
  A gargoyle (D:13)
  2 rime drakes (D:15)
  5 komodo dragons
  5 kobold demonologists
  2 yaktaurs
  A troll (D:14)
  Grinder (D:6)
  2 tengu conjurers (D:15)
  4 polar bears (Lair:1)
  A harpy skeleton (D:13)
  2 hornets
  A dream sheep (shapeshifter) (D:15)
  7 hippogriffs
  3 blink frogs (Lair:4)
  3 shadows
  Sigmund (D:3)
  A wyvern (D:10)
  35 yaks
  4 wraiths
  3 hungry ghosts
  18 humans (D:13)
  Menkaure (D:6)
  The ghost of coconutsonar the Skirmisher, an amateur GrAK of Lugonu (D:4)
  A soldier ant (shapeshifter) (D:15)
  2 hell hounds (D:10)
  4 water moccasins
  4 porcupines
  21 orc warriors
  4 sky beasts
  Purgy (D:3)
  3 ice beasts
  6 black bears
  4 phantoms
  8 ogres
  19 centaurs
  6 big kobolds
  6 crocodiles
  Blork the orc (D:5)
  10 bullfrogs
  A wyvern skeleton (D:11)
  8 killer bees
  3 troll skeletons (D:9)
  A wight (D:9)
  4 howler monkeys
  9 crimson imps
  3 bullfrog zombies
  A quasit (D:9)
  2 jellies
  4 centaur zombies
  11 hounds
  13 orc wizards
  2 centaur skeletons
  4 human zombies (D:9)
  6 orc priests
  4 iguanas
  A human skeleton (D:9)
  5 bullfrog skeletons
  Natasha (thrice) (D:3)
  7 worker ants
  A hound skeleton (D:9)
  A mummy (D:9)
  Robin (D:2)
  A worker ant zombie (D:10)
  8 adders
  3 river rats
  3 shadow imps
  An ooze (D:5)
  2 adder zombies
  An adder skeleton (D:8)
  2 worms (D:5)
  5 dart slugs
  4 leopard geckos
  54 orcs
  6 giant cockroaches
  16 goblins
  7 hobgoblins
  5 jackals
  31 kobolds
  6 quokkas
  5 bats
  4 frilled lizards
  A leopard gecko zombie (D:6)
  2 quokka skeletons
  8 rats
  A plant (D:3)
528 creatures vanquished.

Vanquished Creatures (others)
  An orc (Bailey)
  2 fungi
3 creatures vanquished.

Grand Total: 531 creatures vanquished

Notes
Turn   | Place    | Note
-------+----------+-------------------------------------------
     0 | D:1      | theRoog the Minotaur Berserker began the quest for the Orb.
     0 | D:1      | Reached XP level 1. HP: 19/19 MP: 0/0
    99 | D:1      | Found a sparkling altar of Nemelex Xobeh.
   129 | D:1      | Reached XP level 2. HP: 15/27 MP: 1/1
   324 | D:1      | Reached skill level 4 in Axes
   820 | D:2      | Noticed Robin
   823 | D:2      | Reached XP level 3. HP: 33/33 MP: 2/2
   835 | D:2      | Reached ** piety under Trog
   840 | D:2      | Killed Robin
  1302 | D:2      | Found a faded altar of an unknown god.
  1408 | D:2      | Reached XP level 4. HP: 41/41 MP: 3/3
  1619 | D:3      | Noticed Natasha
  1622 | D:3      | Found a deep blue altar of Sif Muna.
  1630 | D:3      | Killed Natasha
  1630 | D:3      | Reached skill level 5 in Axes
  1634 | D:3      | Found a hide-covered altar of Uskayaw.
  1662 | D:3      | Found a shattered altar of Ashenzari.
  1739 | D:3      | Noticed Natasha
  1744 | D:3      | Killed Natasha
  1827 | D:3      | Noticed Natasha
  1830 | D:3      | Noticed Purgy
  1833 | D:3      | Killed Natasha
  1833 | D:3      | Reached XP level 5. HP: 37/47 MP: 4/4
  1843 | D:3      | Killed Purgy
  1843 | D:3      | Reached skill level 6 in Axes
  1941 | D:3      | Noticed Sigmund
  1956 | D:3      | Killed Sigmund
  1956 | D:3      | Reached skill level 5 in Fighting
  1956 | D:3      | Reached skill level 1 in Stealth
  1956 | D:3      | Reached XP level 6. HP: 34/56 MP: 5/5
  2283 | D:4      | Reached *** piety under Trog
  2315 | D:4      | Reached skill level 7 in Axes
  2323 | D:4      | Reached XP level 7. HP: 33/61 MP: 6/6
  2500 | D:4      | Noticed coconutsonar's ghost (amateur GrAK)
  2510 | D:4      | Killed coconutsonar's ghost
  3335 | D:5      | Entered Level 5 of the Dungeon
  3364 | D:5      | Found a snail-covered altar of Cheibriados.
  3370 | D:5      | Reached skill level 8 in Axes
  3393 | D:5      | Noticed Blork the orc
  3428 | D:5      | Killed Blork the orc
  3599 | D:5      | Noticed Anachronus's ghost (novice MiHu)
  3604 | D:5      | Reached skill level 5 in Dodging
  3623 | D:5      | Killed Anachronus's ghost
  3623 | D:5      | Reached skill level 9 in Axes
  3623 | D:5      | Reached XP level 8. HP: 42/70 MP: 7/7
  4006 | D:5      | Found a glowing drain.
  4010 | Sewer    | Entered a sewer
  4106 | Sewer    | Found a glowing silver altar of Zin.
  4417 | D:5      | Reached **** piety under Trog
  4439 | D:5      | Found an ornate altar of the Wu Jian Council.
  4683 | D:6      | Reached skill level 10 in Axes
  4902 | D:6      | Reached XP level 9. HP: 78/78 MP: 8/8
  4905 | D:6      | Found a staircase to the Ecumenical Temple.
  4920 | D:6      | Noticed Menkaure
  4925 | D:6      | Killed Menkaure
  5012 | D:6      | Found a bloodstained altar of Trog.
  5012 | D:6      | Found a basalt altar of Yredelemnul.
  5324 | D:6      | Noticed Grinder
  5335 | D:6      | Killed Grinder
  5335 | D:6      | Reached skill level 11 in Axes
  5464 | D:7      | Gained mutation: You have a pair of large horns on your head. [potion of mutation]
  5464 | D:7      | Gained mutation: You are partially covered in thin metallic scales. (AC +2) [potion of mutation]
  5464 | D:7      | Gained mutation: Your flesh is cold resistant. (rC+) [potion of mutation]
  5581 | D:7      | Noticed Joseph
  5589 | D:7      | Killed Joseph
  5792 | D:7      | Found Zacrymmoe's Distillery.
  5950 | D:7      | Found a glowing golden altar of the Shining One.
  6497 | D:8      | Found Toogontobu's Distillery.
  6546 | D:8      | Noticed a two-headed ogre
  6555 | D:8      | Killed a two-headed ogre
  6555 | D:8      | Reached skill level 12 in Axes
  6555 | D:8      | Reached skill level 5 in Armour
  6595 | D:8      | Reached XP level 10. HP: 54/88 MP: 9/9
  6659 | D:8      | Noticed a two-headed ogre
  6668 | D:8      | Killed a two-headed ogre
  7347 | D:8      | Reached skill level 13 in Axes
  7631 | D:9      | Reached ***** piety under Trog
  8324 | D:9      | Found an ancient bone altar of Kikubaaqudgha.
  8416 | D:10     | Entered Level 10 of the Dungeon
  8427 | D:10     | Reached skill level 14 in Axes
  8451 | D:10     | Reached XP level 11. HP: 66/97 MP: 10/10
  8503 | D:10     | Found a flagged portal.
  8559 | Bailey   | Entered a bailey
  8561 | Bailey   | Noticed an orc knight
  9228 | Bailey   | Killed an orc knight
  9260 | Bailey   | Got a warped mace
  9265 | Bailey   | Identified the +2 mace of Conscience {freeze, +Inv} (You found it in a bailey)
  9424 | D:10     | Noticed a two-headed ogre
  9433 | D:10     | Killed a two-headed ogre
  9433 | D:10     | Reached skill level 10 in Fighting
  9566 | D:10     | Reached skill level 1 in Maces & Flails
  9676 | D:10     | Reached skill level 15 in Axes
  9680 | D:10     | Received a gift from Trog
  9873 | D:10     | Found a staircase to the Lair.
  9963 | D:10     | Found a shadowy altar of Dithmenos.
 10215 | D:11     | Noticed a red ugly thing
 10227 | D:11     | Killed a red ugly thing
 10551 | D:11     | Noticed a two-headed ogre
 10554 | D:11     | Killed a two-headed ogre
 10582 | D:11     | Noticed a white ugly thing
 10590 | D:11     | Killed a white ugly thing
 10590 | D:11     | Reached skill level 10 in Armour
 10631 | D:11     | Killed an unseen horror
 10637 | D:11     | Noticed an eight-headed hydra
 10639 | D:11     | Reached XP level 12. HP: 77/107 MP: 11/11
 10646 | D:11     | Killed a four-headed hydra
 11417 | D:11     | Found a staircase to the Orcish Mines.
 11527 | D:12     | Reached skill level 16 in Axes
 11618 | D:12     | Noticed a two-headed ogre
 11622 | D:12     | Killed a two-headed ogre
 11668 | D:12     | Found a sacrificial altar of Ru.
 12049 | D:12     | Received a gift from Trog
 12465 | D:13     | Reached skill level 17 in Axes
 12781 | D:13     | Found a gate to the Vaults.
 12781 | D:13     | Noticed a vault guard
 12781 | D:13     | Noticed a vault guard
 12781 | D:13     | Noticed a vault guard
 12790 | D:13     | Killed a vault guard
 12796 | D:13     | Killed a vault guard
 12803 | D:13     | Killed a vault guard
 12803 | D:13     | Reached XP level 13. HP: 118/118 MP: 12/12
 13020 | D:13     | Found a blossoming altar of Fedhas.
 13143 | D:14     | Reached skill level 18 in Axes
 13496 | D:14     | Reached ****** piety under Trog
 13528 | D:14     | Received a gift from Trog
 13659 | D:14     | You fall through a shaft!
 13659 | D:15     | Entered Level 15 of the Dungeon
 14141 | D:15     | Found a frozen archway.
 14237 | D:15     | Noticed an emperor scorpion
 14243 | D:15     | Killed an emperor scorpion
 14245 | D:15     | Found a staircase to the Depths.
 14908 | D:15     | Noticed Agnes
 14918 | D:15     | Killed Agnes
 14918 | D:15     | Reached skill level 19 in Axes
 15171 | D:15     | Got a polished flail
 15187 | D:15     | Identified the +7 flail of Ziwk {holy, rN+} (You found it on level 15 of the Dungeon)
 15383 | D:15     | Reached skill level 5 in Maces & Flails
 15389 | D:15     | Reached skill level 1 in Shields
 16152 | D:14     | Reached XP level 14. HP: 129/129 MP: 13/13
 16189 | D:14     | Received a gift from Trog
 16284 | D:14     | Found a portal to a secret trove of treasure.
 16859 | Lair:1   | Entered Level 1 of the Lair of Beasts
 16878 | Lair:1   | Noticed Fannar
 16893 | Lair:1   | Killed Fannar
 17926 | Lair:2   | Noticed FallenXxXSky's ghost (journeyman HOFi)
 17935 | Lair:2   | Killed FallenXxXSky's ghost
 18234 | Lair:2   | You fall through a shaft for 2 floors!
 18987 | Lair:4   | HP: 3/130 [death yak (15)]
 18988 | Lair:4   | Slain by a death yak

Skill      XL: |  1  2  3  4  5  6  7  8  9 10 11 12 13 14 |
---------------+-------------------------------------------+-----
Fighting       | 4 5 6 7 9 10 12 13 | 13.8
Axes           | 4 5 6 7 9 10 12 14 15 17 19 | 19.3
Dodging        | 3 4 5 6 7 |  7.0
Stealth        | 1 2 3 |  3.7
Armour         | 5 7 10 11 12 | 12.9
Maces & Flails | 4 5 9 |  9.3
Shields        | 1 2 |  2.1

Action                   |  1- 3 |  4- 6 |  7- 9 | 10-12 | 13-15 || total
-------------------------+-------+-------+-------+-------+-------++-------
Melee: Hand axe          |    86 |    98 |   149 |       |       ||   333
       Headbutt          |    13 |    29 |    49 |   118 |    99 ||   308
       War axe           |       |       |    99 |   110 |       ||   209
       Battleaxe         |       |       |       |   151 |       ||   151
       Executioner's axe |       |       |       |   228 |   117 ||   345
       Mace              |       |       |       |    67 |       ||    67
       Flail             |       |       |       |       |   297 ||   297
Invok: Berserk           |     1 |     1 |     3 |     5 |     6 ||    16
       Burn Spellbooks   |       |       |       |     2 |     4 ||     6
       Trog's Hand       |       |       |       |     1 |       ||     1
  Use: Scroll            |       |     2 |    14 |     8 |     3 ||    27
       Potion            |       |       |     3 |     9 |       ||    12
 Stab: Sleeping          |     1 |     2 |     1 |       |       ||     4
       Distracted        |       |       |     1 |       |       ||     1
  Eat: Ration            |     1 |       |     3 |     7 |     6 ||    17
       Chunk             |       |     2 |     7 |     3 |     7 ||    19
Armor: Animal skin       |    26 |    21 |    42 |       |       ||    89
       Scale mail        |       |       |    28 |       |       ||    28
       Chain mail        |       |       |    33 |    52 |       ||    85
       Plate armour      |       |       |       |   390 |   400 ||   790
Dodge: Dodged            |    52 |    48 |   156 |   376 |   274 ||   906
Block: Other             |       |       |       |     9 |    30 ||    39
       Reflection        |       |       |       |       |     2 ||     2
